AoeStats
← sky_wu

Arabia

510245528Analyzed
2v2 RM · 2d ago on Sep 30, 2026· 56m 58s· 4 players
Game mode
Random Map
Map size
Medium (4 player)
Population
200
Speed
Normal
Resources
Standard
Victory
Conquest
Starting age
Dark Age
Ending age
Imperial Age
RankedLock teamsTeams togetherTeam positionsShared explorationLock speedFull tech treeHidden civsTurbo modeCheats
Victory
Defeat
🇳🇿 Britons · New Zealand
1174
+12
🇹🇼 Franks · Taiwan
1143
+13
🇪🇨 Khmer · Ecuador
1090
-13
🇪🇨 Saxons · Ecuador
1089
-12
sky_wu
1:27 Loom
10:40 Feudal Age
22:01 Castle Age
21:33 Stone Mining
21:31 Double-Bit Axe
37:18 Gold Mining
39:09 Scale Barding Armor
39:14 Forging
42:26 Husbandry
43:03 Bow Saw
43:30 Gold Shaft Mining
48:12 Imperial Age
45:58 Forging
47:56 Chain Barding Armor
48:11 Iron Casting
49:16 Conscription
48:56 Chivalry
49:48 Wheelbarrow
49:11 Cavalier
50:57 Blast Furnace
51:13 Hand Cart
52:12 Plate Barding Armor
55:48 Paladin
Bongo12
6:16 Loom
9:06 Feudal Age
9:48 Double-Bit Axe
14:59 Fletching
16:12 Padded Archer Armor
16:58 Horse Collar
20:42 Town Watch
23:39 Wheelbarrow
27:55 Castle Age
28:03 Crossbowman
28:15 Elite Skirmisher
28:56 Bodkin Arrow
29:24 Ballistics
29:27 Bow Saw
41:30 Imperial Age
39:16 Hand Cart
40:49 Yeomen
41:38 Town Patrol
41:49 Arbalester
42:52 Bracer
44:44 Chemistry
44:43 Light Cavalry
47:02 Husbandry
47:33 Scale Barding Armor
47:44 Leather Archer Armor
48:27 Conscription
51:25 Warwolf
54:12 Conscription
55:29 Siege Engineers
56:00 Ring Archer Armor
55:51 Chain Barding Armor
55:42 Forging
Frank_alv10
6:56 Loom
9:13 Feudal Age
9:45 Double-Bit Axe
12:18 Forging
12:34 Scale Barding Armor
21:54 Castle Age
20:27 Bloodlines
20:25 Horse Collar
20:37 Gold Mining
20:37 Stone Mining
21:05 Stone Mining
23:04 Chain Barding Armor
22:08 Light Cavalry
22:53 Husbandry
24:42 Iron Casting
26:27 Bow Saw
29:18 Imperial Age
28:40 Fletching
38:04 Wheelbarrow
46:28 Hand Cart
46:03 Town Watch
50:10 Ballistics
49:56 Siege Engineers
51:41 Conscription
51:25 Tusk Swords
52:16 Heavy Plow
53:16 Gold Shaft Mining
53:16 Stone Shaft Mining
53:22 Stone Shaft Mining
M!(ke
6:39 Loom
9:21 Feudal Age
12:23 Town Watch
16:29 Fletching
17:39 Padded Archer Armor
26:04 Castle Age
27:20 Double-Bit Axe
27:23 Horse Collar
27:43 Gold Mining
27:34 Crossbowman
29:20 Elite Skirmisher
34:16 Bow Saw
35:31 Wheelbarrow
36:01 Leather Archer Armor
36:49 Thumb Ring
38:06 Bodkin Arrow
39:48 Ballistics
39:37 Heavy Plow
40:27 Hand Cart
45:26 Imperial Age
45:11 Gold Shaft Mining
46:42 Ring Archer Armor
46:12 Bracer
47:15 Chemistry
45:43 Arbalester
52:02 Conscription
Connection lost

Rejoining the realm…

Still unreachable

The connection could not be restored.

Session expired

The server has moved on; the page needs a fresh start.